 Dungeon Crawl Stone Soup version 0.18.1-48-g4cf74bf (webtiles) character file.

20316 Doomgape the Severer (level 12, -22/103 HPs)
             Began as a Minotaur Fighter on July 20, 2016.
             Was a High Priest of Okawaru.
             Annihilated by Rupert
             ... wielding a +3 great sword of holy wrath
              (26 damage)
             ... on level 4 of the Lair of Beasts.
             The game lasted 00:52:47 (13873 turns).

Doomgape the Severer (Minotaur Fighter)            Turns: 13873, Time: 00:52:48

Health: -22/103    AC: 21    Str: 26    XL:     12   Next: 44%
Magic:  7/11       EV: 13    Int:  2    God:    Okawaru [*****.]
Gold:   753        SH: 12    Dex: 14    Spells: 0 memorised, 11 levels left

rFire  + + .     SeeInvis .     A - +5 broad axe
rCold  . . .     Gourm    .     o - +2 scale mail {rPois}
rNeg   . . .     Faith    .     W - +0 shield {rPois}
rPois  +         Spirit   .     (helmet restricted)
rElec  +         Dismiss  .     u - +2 cloak {+Inv}
rCorr  .         Reflect  .     E - +2 pair of gloves
SustAt .         Harm     .     (no boots)
MR     .....     Rnd*Rage +     (no amulet)
Stlth  +.........               s - +3 ring of protection
                                O - ring "Sophuor" {+Fly rElec rPois rF++ Int-4}

@: agile, about to teleport, very slightly contaminated, not resistant to
hostile enchantments, very unstealthy
A: retaliatory headbutt, horns 2, berserk 1, wild magic 1
a: Heroism, Finesse, Renounce Religion, Evoke Invisibility, Evoke Flight


You were on level 4 of the Lair of Beasts.
You worshipped Okawaru.
Okawaru was extremely pleased with you.
You were hungry.

You visited 3 branches of the dungeon, and saw 15 of its levels.

You collected 753 gold pieces.

Inventory:

Hand Weapons
 A - a +5 broad axe (weapon)
 G - a +0 hand crossbow
 H - a +3 executioner's axe of distortion
 U - the +10 falchion of Vapaifey {slice, rElec rPois Int+3 Dex+3}
   (You found it on level 3 of the Lair of Beasts)

   It inflicts extra damage upon your enemies.
   It affects your intelligence (+3).
   It affects your dexterity (+3).
   It insulates you from electricity.
   It protects you from poison.
Missiles
 l - 106 bolts
Armour
 o - a +2 scale mail of poison resistance (worn)
 u - a +2 cloak of invisibility (worn)
 E - a +2 pair of gloves (worn)
 W - a +0 shield of poison resistance (worn)
Jewellery
 h - an uncursed ring of positive energy
 s - a +3 ring of protection (right hand)
 y - an uncursed ring of poison resistance
 z - a +3 ring of dexterity
 O - the ring "Sophuor" (left hand) {+Fly rElec rPois rF++ Int-4}
   (You acquired it on level 1 of the Lair of Beasts)

   [ring of flight]

   It affects your intelligence (-4).
   It greatly protects you from fire.
   It insulates you from electricity.
   It protects you from poison.
   It lets you fly.
Wands
 m - a wand of slowing (28/48)
 t - a wand of digging (13/24)
 x - a wand of disintegration (0/24)
 C - a wand of digging (14/24)
 I - a wand of teleportation (5/9)
 J - a wand of paralysis (7/24)
 K - a wand of flame (3/48)
 Q - a wand of digging (10/24)
 T - a wand of hasting (3/9)
Scrolls
 e - 8 scrolls of identify
 g - 15 scrolls of remove curse
 n - 3 scrolls of magic mapping
 r - 3 scrolls of teleportation
 v - a scroll of enchant armour
 D - 2 scrolls of enchant weapon
 L - a scroll of amnesia
Potions
 b - 2 potions of curing
 d - 3 potions of magic {unknown}
 j - 3 potions of mutation {unknown}
 F - 2 potions of might
 M - a potion of lignification {unknown}
 N - a potion of haste {unknown}
 V - a potion of flight
Books
 a - a book of Alchemy

   Spells                             Type                      Level
   a - Sublimation of Blood           Necromancy                   2
   b - Ignite Poison                  Fire/Transmutation/Poison    3
   c - Petrify                        Transmutation/Earth          4
   d - Alistair's Intoxication        Transmutation/Poison         5
   e - Irradiate                      Conjuration/Transmutation    5
 S - a book of Burglary

   Spells                             Type                      Level
   a - Swiftness                      Charms/Air                   2
   b - Passwall                       Transmutation/Earth          2
   c - Passage of Golubria            Translocation                4
   d - Lee's Rapid Deconstruction     Earth                        5
   e - Darkness                       Hexes                        6
   f - Invisibility                   Hexes                        6
Miscellaneous
 P - a fan of gales
Comestibles
 f - 15 bread rations
 p - 4 slices of pizza
 w - 6 meat rations
 B - 2 beef jerkies


   Skills:
 + Level 8.3 Fighting
 - Level 18.3 Axes
 - Level 11.5 Armour
 - Level 8.1 Shields


You had 11 spell levels left.
You didn't know any spells.

Dungeon Overview and Level Annotations

Branches:
Dungeon (10/15)            Temple (1/1) D:7            Lair (4/8) D:10
  Swamp (0/4) Lair:4
  Snake: Lair:3-6    Spider: Lair:3-6       Orc: D:9-12

Altars:
Ashenzari
Cheibriados
Dithmenos
Elyvilon
Fedhas
Gozag
Kikubaaqudgha
Makhleb
Nemelex Xobeh
Okawaru
Pakellas
Qazlal
Ru
Sif Muna
Trog
Vehumet
Xom
Yredelemnul
Zin
The Shining One

Shops:
D:4 }

Annotations:
Lair:4 Rupert


Innate Abilities, Weirdness & Mutations

You reflexively headbutt those who attack you in melee.
You have a pair of horns on your head.
You tend to lose your temper in combat.
Your spells are a little harder to cast, but a little more powerful.


Message History

Rupert hits you with a great sword of holy wrath!
* * * LOW HITPOINT WARNING * * *
Read which item? (? for menu, Esc to quit)
As you read the scroll of fear, it crumbles to dust.
You assume a fearsome visage.
You block Rupert's attack.
Drink which item? (? for menu, Esc to quit)
Okay, then.
Read which item? (? for menu, Esc to quit)
Okay, then.
Drink which item? (? for menu, Esc to quit)
You feel agile all of a sudden.
Rupert hits you with a great sword of holy wrath!!
* * * LOW HITPOINT WARNING * * *
Drink which item? (? for menu, Esc to quit)
Okay, then.
Read which item? (? for menu, Esc to quit)
As you read the scroll of teleportation, it crumbles to dust.
You feel strangely unstable.
Rupert hits you with a great sword of holy wrath!!
You die...

♣## .♣≈≈♣..... ..P
##♣♣§§≈≈≈♣..# ...#
#.♣§§§≈≈≈≈≈. ##..###
##≈≈≈§§>§≈≈♣♣## #P..P.#
#≈.♣♣§§§§≈≈♣.#P##.....#
##≈.♣♣§§§≈≈..#........##
#....≈♣≈≈♣..###........##
............##..@..$....#
............#...@.......#
.P......................#
###.....................#
##......................#
.#.......................#
###.....................##
# ##..........$....$....#
# #.....................#


You could see Rupert (berserk).

Vanquished Creatures
  Maud (D:10)
  Erolcha (D:10)
  The ghost of Tabkey the Blocker, a journeyman FoFi of Okawaru (D:9)
  The ghost of Doomgape the Martial Artist, a novice DsBe of Trog (D:8)
  6 hill giants
  A black mamba (Lair:3)
  7 spiny frogs
  A rime drake (Lair:2)
  6 komodo dragons
  4 trolls (D:10)
  A two-headed ogre (D:10)
  Prince Ribbit (D:5)
  3 blink frogs (Lair:2)
  A basilisk (Lair:2)
  A spriggan (D:7)
  5 yaks (D:10)
  The ghost of Leafly the Shield-Bearer, an amateur DsFi (D:3)
  A hippogriff (D:8)
  Grum (Lair:1)
  5 water moccasins
  8 porcupines
  3 ice beasts
  4 orc warriors
  A phantom (D:7)
  2 wasps (D:10)
  An ogre (D:5)
  12 wolves
  2 centaurs (D:8)
  5 crocodiles
  2 big kobolds (D:10)
  8 giant frogs
  A gnoll sergeant (D:8)
  4 scorpions
  4 wights (D:10)
  6 electric eels
  7 crimson imps
  A giant frog zombie (D:5)
  9 hounds
  A jelly (D:8)
  Crazy Yiuf (D:3)
  3 orc priests
  A centaur skeleton (D:5)
  2 giant frog skeletons
  5 orc wizards
  Jessica (D:3)
  5 iguanas
  5 worker ants
  5 sheep (Lair:2)
  11 gnolls
  21 river rats (Lair:2)
  12 adders
  3 shadow imps
  2 oozes
  2 adder zombies
  2 worms
  2 dart slugs
  2 giant geckos
  31 orcs
  5 bats
  4 giant cockroaches
  4 goblins
  8 hobgoblins
  12 jackals
  12 kobolds
  5 quokkas
  2 ball pythons
  A giant gecko skeleton (D:5)
  2 giant newts
  A jackal zombie (D:6)
  10 rats
  A fungus (Lair:1)
313 creatures vanquished.

Vanquished Creatures (others)
  A komodo dragon (Lair:3)
  A water moccasin (Lair:3)
  A river rat (Lair:2)
  A fungus (Lair:1)
  A plant (Lair:3)
5 creatures vanquished.

Grand Total: 318 creatures vanquished

Notes
Turn   | Place    | Note
--------------------------------------------------------------
     0 | D:1      | Doomgape the Minotaur Fighter began the quest for the Orb.
     0 | D:1      | Reached XP level 1. HP: 19/19 MP: 0/0
    61 | D:1      | Reached skill level 3 in Axes
   188 | D:1      | Reached XP level 2. HP: 24/26 MP: 1/1
   417 | D:2      | Reached skill level 4 in Axes
   486 | D:2      | Found a shattered altar of Ashenzari.
   576 | D:2      | Reached XP level 3. HP: 23/31 MP: 2/2
  1301 | D:2      | Found a shadowy altar of Dithmenos.
  1463 | D:2      | Reached skill level 5 in Axes
  1538 | D:3      | Reached XP level 4. HP: 38/39 MP: 3/3
  1812 | D:3      | Noticed Leafly's ghost (amateur DsFi)
  1829 | D:3      | Killed Leafly's ghost
  1829 | D:3      | Reached skill level 7 in Axes
  1829 | D:3      | Reached XP level 5. HP: 22/45 MP: 4/4
  1990 | D:3      | Noticed Jessica
  1994 | D:3      | Killed Jessica
  2177 | D:3      | Reached XP level 6. HP: 51/51 MP: 5/5
  2244 | D:3      | Noticed Crazy Yiuf
  2250 | D:3      | Killed Crazy Yiuf
  2342 | D:4      | Reached skill level 8 in Axes
  2522 | D:4      | Found an oddly glowing altar of Pakellas.
  2522 | D:4      | Found Pakellas's Prime Provisions.
  2613 | D:4      | Found a burning altar of Makhleb.
  2666 | D:4      | Reached skill level 9 in Axes
  2716 | D:4      | Found an oddly glowing altar of Pakellas.
  2716 | D:4      | Found a radiant altar of Vehumet.
  2872 | D:5      | Entered Level 5 of the Dungeon
  2875 | D:5      | Noticed Prince Ribbit
  2881 | D:5      | Reached XP level 7. HP: 57/57 MP: 6/6
  2883 | D:5      | Killed Prince Ribbit
  2883 | D:5      | Reached skill level 10 in Axes
  3078 | D:5      | Reached skill level 11 in Axes
  3188 | D:5      | Reached XP level 8. HP: 61/64 MP: 7/7
  3449 | D:6      | Found a deep blue altar of Sif Muna.
  4037 | D:7      | Reached skill level 12 in Axes
  4115 | D:7      | Found a staircase to the Ecumenical Temple.
  4168 | Temple   | Entered the Ecumenical Temple
  4294 | Temple   | Became a worshipper of Warmaster Okawaru
  4419 | D:7      | Gained mutation: Your spells are a little harder to cast, but a little more powerful. [potion of beneficial mutation]
  4967 | D:8      | Reached skill level 13 in Axes
  4982 | D:8      | Reached * piety under Okawaru
  5143 | D:8      | Found a glowing golden altar of the Shining One.
  5205 | D:8      | Reached XP level 9. HP: 52/70 MP: 8/8
  5324 | D:8      | Reached skill level 14 in Axes
  5363 | D:8      | Noticed a hill giant
  5383 | D:8      | Killed a hill giant
  5385 | D:8      | Reached ** piety under Okawaru
  5412 | D:8      | Reached skill level 15 in Axes
  5904 | D:8      | Noticed Doomgape's ghost (novice DsBe)
  5923 | D:8      | Killed Doomgape's ghost
  5962 | D:9      | Reached skill level 16 in Axes
  6309 | D:9      | Found a white marble altar of Elyvilon.
  6445 | D:9      | Reached XP level 10. HP: 77/77 MP: 9/9
  6467 | D:9      | Noticed Tabkey's ghost (journeyman FoFi)
  6477 | D:9      | Killed Tabkey's ghost
  6477 | D:9      | Reached *** piety under Okawaru
  6735 | D:10     | Entered Level 10 of the Dungeon
  6997 | D:10     | Noticed a hill giant
  7004 | D:10     | Killed a hill giant
  7004 | D:10     | Reached **** piety under Okawaru
  7253 | D:10     | Reached skill level 10 in Armour
  7442 | D:10     | Got a smoking mace
  7443 | D:10     | Identified the cursed +1 mace "Moalogg" {crush, +Inv MR+ Str+3} (You found it on level 10 of the Dungeon)
  7470 | D:10     | Noticed a hill giant
  7474 | D:10     | Noticed a hill giant
  7491 | D:10     | Killed a hill giant
  7491 | D:10     | Reached ***** piety under Okawaru
  7498 | D:10     | Killed a hill giant
  7498 | D:10     | Reached XP level 11. HP: 39/82 MP: 8/10
  7930 | D:10     | Found a staircase to the Lair.
  7934 | D:10     | Noticed Maud
  8183 | D:10     | Reached skill level 5 in Shields
  8190 | D:10     | Noticed a hill giant
  8204 | D:10     | Killed a hill giant
  8319 | D:10     | Killed Maud
  8319 | D:10     | Received a gift from Okawaru
  8805 | D:10     | Noticed a hill giant
  9020 | D:10     | Killed a hill giant
  9100 | D:10     | Reached skill level 5 in Fighting
  9542 | D:10     | Noticed Erolcha
  9546 | D:10     | Paralysed by Erolcha for 6 turns
  9553 | D:10     | Killed Erolcha
  9910 | Lair:1   | Entered Level 1 of the Lair of Beasts
 10214 | Lair:1   | Noticed Grum
 10228 | Lair:1   | Killed Grum
 10994 | Lair:1   | Received a gift from Okawaru
 10997 | Lair:1   | Got a shimmering battleaxe {god gift}
 10998 | Lair:1   | Identified a scroll of acquirement
 11001 | Lair:1   | Got a twitching lead ring
 11003 | Lair:1   | Identified the ring "Sophuor" {+Fly rElec rPois rF++ Int-4} (You acquired it on level 1 of the Lair of Beasts)
 11074 | Lair:1   | Identified the +3 battleaxe of Welfare {chop, rPois rF- Int+3 Dex+3} (Okawaru gifted it to you on level 1 of the Lair of Beasts)
 11694 | Lair:2   | Reached XP level 12. HP: 91/102 MP: 11/11
 11763 | Lair:2   | Reached skill level 17 in Axes
 12633 | Lair:3   | Got a brightly glowing short sword
 12635 | Lair:3   | Identified the +4 short sword "Zunerulile" {flame, rN+} (You found it on level 3 of the Lair of Beasts)
 13344 | Lair:3   | Reached skill level 18 in Axes
 13410 | Lair:3   | Got a fine falchion
 13411 | Lair:3   | Identified the +10 falchion of Vapaifey {slice, rElec rPois Int+3 Dex+3} (You found it on level 3 of the Lair of Beasts)
 13562 | Lair:3   | Received a gift from Okawaru
 13566 | Lair:3   | Reached ****** piety under Okawaru
 13608 | Lair:3   | Gained mutation: You tend to lose your temper in combat. [mutagenic glow]
 13818 | Lair:4   | Found a staircase to the Swamp.
 13833 | Lair:4   | Noticed Rupert
 13835 | Lair:4   | Paralysed by Rupert for 3 turns
 13866 | Lair:4   | HP: 1/103 [Rupert/great sword of holy wrath (31)]
 13872 | Lair:4   | HP: 4/103 [Rupert/great sword of holy wrath (22)]
 13873 | Lair:4   | Annihilated by Rupert

Skill      XL: |  1  2  3  4  5  6  7  8  9 10 11 12 |
---------------+-------------------------------------+-----
Axes           | 3 4 5 7 9 11 13 16 18 | 18.3
Armour         | 11 | 11.5
Shields        | 8 |  8.1
Fighting       | 8 |  8.3

Action                   |  1- 3 |  4- 6 |  7- 9 | 10-12 || total
-------------------------+-------+-------+-------+-------++-------
Melee: War axe           |    91 |   123 |   282 |   214 ||   710
       Headbutt          |    12 |    21 |    65 |    83 ||   181
       Executioner's axe |       |       |       |   237 ||   237
       Broad axe         |       |       |       |    21 ||    21
Invok: Heroism           |       |       |     2 |    10 ||    12
       Finesse           |       |       |       |     1 ||     1
Evoke: Wand              |       |       |       |     6 ||     6
  Use: Potion            |       |     2 |     8 |     6 ||    16
       Scroll            |       |     1 |    11 |    12 ||    24
  Eat: Chunk             |     2 |     4 |    11 |    14 ||    31
       Beef jerky        |       |       |     1 |       ||     1
       Fruit             |       |       |       |     9 ||     9
       Royal jelly       |       |       |       |     1 ||     1
Armor: Scale mail        |    34 |    47 |   130 |   181 ||   392
Dodge: Dodged            |    28 |    32 |    68 |   170 ||   298
Block: Shield            |    45 |    76 |   107 |    95 ||   323
